 Dungeon Crawl Stone Soup version 0.24.0-123-gd5b16e6ec5 (webtiles) character file.

Game seed: 4324851241173240114, levelgen mode: deterministic

50 dongers the Skirmisher (level 3, -9/29 HPs)
             Began as a Demonspawn Abyssal Knight on Dec 29, 2019.
             Was a Follower of Lugonu.
             Mangled by a gnoll
             ... wielding a +0 halberd
              (15 damage)
             ... on level 2 of the Dungeon.
             The game lasted 00:05:33 (1101 turns).

dongers the Skirmisher (Demonspawn Abyssal Knight)  Turns: 1101, Time: 00:05:33

Health: -9/29      AC:  6    Str: 12    XL:     3   Next: 55%
Magic:  4/4        EV:  9    Int: 13    God:    Lugonu [*.....]
Gold:   37         SH:  0    Dex: 13    Spells: 2/2 levels left

rFire    . . .     SeeInvis .   a - +1 mace
rCold    . . .     Gourm    .   (no shield)
rNeg     . . .     Faith    .   k - +0 scale mail
rPois    .         Spirit   .   (helmet restricted)
rElec    .         Reflect  .   (no cloak)
rCorr    .         Harm     .   (no gloves)
MR       .....                  (no boots)
Stlth    ..........             (no amulet)
HPRegen  0.09/turn              (no ring)
MPRegen  0.09/turn              (no ring)

@: no status effects
A: antennae 1, demonic guardian 1
a: Depart the Abyss, Renounce Religion


You were on level 2 of the Dungeon.
You worshipped Lugonu.
Lugonu was aware of your devotion.
You were hungry.

You visited 1 branch of the dungeon, and saw 2 of its levels.
You visited the Abyss 1 time.

You collected 37 gold pieces.

Inventory:

Hand Weapons
 a - a +1 mace (weapon)
 h - a +0 club
Armour
 b - a +0 leather armour
 k - a +0 scale mail (worn)
Scrolls
 d - 3 scrolls of identify {unknown}
 i - a scroll of remove curse {unknown}
 j - a scroll of blinking {unknown}
Potions
 g - a potion of heal wounds {unknown}
Comestibles
 c - 3 rations


   Skills:
 + Level 3.6 Fighting
 + Level 2.3 Maces & Flails
 + Level 2.0 Armour
 * Level 1.5 Dodging
 - Level 0.5 Stealth
 - Level 2.5 Invocations


You had 2 spell levels left.
You didn't know any spells.
Your spell library was empty.

Dungeon Overview and Level Annotations

Branches:
Dungeon (2/15)

Altars:


Innate Abilities, Weirdness & Mutations

You have a pair of small antennae on your head.
A weak demonic guardian rushes to your aid.


Message History

You hit the gnoll.
The gnoll is moderately wounded.
The gnoll barely misses you. x2; The gnoll hits you.
You sock the gnoll!
The gnoll is almost dead.
The gnoll barely misses you. The gnoll hits you.
You closely miss the gnoll.
The gnoll is almost dead.
The gnoll closely misses you. The gnoll hits you!
You sock the gnoll!
You kill the gnoll!
Lugonu accepts your kill.
Your Armour skill increases to level 2!
The gnoll hits you from afar with a +0 halberd.
* * * LOW HITPOINT WARNING * * *
The gnoll hits you but does no damage.
There is a stone staircase leading up here.
The gnoll hits you from afar with a +0 halberd!
Ouch! That really hurt!
You die...

.#............
..............
#.......<... #..........
##........#####.
................
#..........#. ..
#..@..........
....###....g.......##
........................
....#####...#...........
............#...........
...........##...........
...........##..........
....................#
#...................####


You could see a gnoll.

Vanquished Creatures
  2 gnolls (D:2)
  An adder (D:2)
  2 dart slugs (D:1)
  A giant cockroach (D:1)
  A goblin (D:2)
  4 hobgoblins (D:1)
  3 kobolds (D:1)
  3 bats (D:1)
  A frilled lizard (D:1)
  2 rats (D:1)
20 creatures vanquished.

Notes
Turn   | Place    | Note
-------+----------+-------------------------------------------
     0 | Abyss:1  | dongers the Demonspawn Abyssal Knight began the quest for
                  | the Orb.
     0 | Abyss:1  | Reached XP level 1. HP: 18/18 MP: 2/2
    34 | Abyss:1  | Noticed a large abomination
    35 | D:1      | Escaped the Abyss
   293 | D:1      | Reached skill level 1 in Dodging
   296 | D:1      | Gained mutation: A weak demonic guardian rushes to your
                  | aid. [demonic ancestry]
   296 | D:1      | Reached XP level 2. HP: 18/24 MP: 3/3
   851 | D:1      | Reached * piety under Lugonu
   969 | D:2      | Gained mutation: You have a pair of small antennae on your
                  | head. [demonic ancestry]
   969 | D:2      | Reached XP level 3. HP: 25/29 MP: 4/4
  1101 | D:2      | Mangled by a gnoll

Levels and vault maps discovered:
D:1:      roderic_crossed_star, layout_basic
D:2:      layout_basic, first_ration, minmay_tiny_reverse_x

Skill      XL: |  1  2  3 |
---------------+----------+-----
Dodging        | 1 |  1.5
Maces & Flails | 2 |  2.3
Armour         | 2 |  2.0
Fighting       | |  3.6
Stealth        | |  0.5
Invocations    | |  2.5

Action                   || total
-------------------------++-------
Melee: Mace              ||    74
Invok: Depart the Abyss  ||     1
Armor: Leather armour    ||     8
       Scale mail        ||    23
Dodge: Dodged            ||    41
